 Dungeon Crawl Stone Soup version 0.31.0-1-g2c135a0 (webtiles) character file.

Game seed: 14302286795312054316

395 jagoly the Trooper (level 6, 0/50 (52) HPs)
             Began as a Draconian Shapeshifter on Jan 24, 2024.
             Was a Believer of Uskayaw.
             Hit by a stone thrown by a wight (5 damage)
             ... on level 5 of the Dungeon.
             The game lasted 00:17:15 (3765 turns).

jagoly the Trooper (Draconian Shapeshifter)         Turns: 3765, Time: 00:17:16

HP:   0/50 (52)     AC:  6    Str: 19    XL:     6   Next: 52%
MP:   6/6           EV: 12    Int: 10    God:    Uskayaw [**....]
Gold: 197           SH:  5    Dex: 10    Spells: 5/5 levels left

rFire   . .          .
                       - Unarmed
rCold   . . .        (no shield)
rNeg    . . .        (body armour unavailable)
rPois   .            (helmet currently unavailable)
rElec   .            (cloak currently unavailable)
rCorr   .            (gloves currently unavailable)
SInv    .            (boots currently unavailable)
Will    .....        y - amulet of reflection
Stlth   ++           (no ring)
HPRegen 0.28/turn    (no ring)
MPRegen 0.10/turn

%: reflection
@: beast-form, lightly drained
A: beast (slay +1), AC +6, unfitting armour, cold-blooded
a: Begin Untransformation, Renounce Religion, Stomp, Line Pass


You were on level 5 of the Dungeon.
You worshipped Uskayaw.
Uskayaw was noncommittal.
You were a hulking beast.
You visited 1 branch of the dungeon, and saw 5 of its levels.

You collected 197 gold pieces.

Inventory:

Hand Weapons
 a - a +1 sling of flaming
Missiles
 k - 17 stones (quivered)
 l - 2 boomerangs
 n - 10 poisoned darts
 B - 4 javelins
Armour
 h - a +0 pair of gloves
Jewellery
 y - an amulet of reflection (around neck)
Talismans
 b - a beast talisman
 c - a flux talisman
 D - a serpent talisman
Scrolls
 e - 2 scrolls of vulnerability {unknown}
 f - a scroll of immolation {unknown}
 g - 2 scrolls of poison {unknown}
 i - a scroll of teleportation {unknown}
 m - 3 scrolls of identify {unknown}
 o - a scroll of brand weapon {unknown}
 p - a scroll of noise {unknown}
 q - a scroll of enchant armour {unknown}
 r - 2 scrolls of fear {unknown}
 s - a scroll of blinking {unknown}
 z - a scroll of silence {unknown}
 C - a scroll of revelation {unknown}
Potions
 d - 6 potions of mutation {unknown}
 j - a potion of enlightenment {unknown}
 t - a potion of heal wounds {unknown}
 u - a potion of curing {unknown}
 v - a potion of berserk rage {unknown}
 w - a potion of haste {unknown}
 x - 2 potions of might {unknown}
 A - 2 potions of lignification


   Skills:
 + Level 4.2 Fighting
 * Level 1.8 Throwing
 + Level 3.2 Dodging
 + Level 2.2 Stealth
 + Level 4.1 Unarmed Combat
 - Level 3.0 Shapeshifting


You had 5 spell levels left.
You didn't know any spells.
Your spell library contained the following spells:

 Spells                   Type           Power      Damage    Failure   Level
 Cigotuvi's Dreadful Rot  Necr/Alch/Air  0%         N/A       50%         2
 Ignite Poison            Fire/Alch      0%         N/A       98%         4
 Freezing Cloud           Conj/Ice/Air   0%         6-21      100%        5


Dungeon Overview and Level Annotations

Branches:
Dungeon (5/15) Zot: 26234
 Temple: D:4-7

Altars:
Qazlal
Ru
Sif Muna
Trog
Uskayaw


Innate Abilities, Weirdness & Mutations

You are a hulking beast.
Your limbs bulge with bestial killing power. (Slay +1)
Your plain brown scales are hard. (AC +6)
You cannot fit into any form of body armour.
You are cold-blooded and may be slowed by cold attacks.


Message History

There is an open door here.
You open the door.
There is an open door here.
You open the door.
There is an open door here.
Found a stone staircase leading down.
You open the door.
A dart slug comes into view.
You shoot a sling bullet. The sling bullet hits the dart slug.
The dart slug is moderately wounded.
You shoot a sling bullet. The sling bullet hits the dart slug.
The dart slug is almost dead.
You shoot a sling bullet. The sling bullet hits the dart slug.
You kill the dart slug!
There is an open door here.
You open the door.
There is an open door here.
You open the door.
There is an open door here.
Found a leather armour.
There is an open door here.
You open the door.
There is an open door here.
Found a quick blade.
You see here a +0 quick blade.
A quokka comes into view.
The quokka moves out of view.
You shoot a sling bullet. The sling bullet hits the quokka!
You kill the quokka!
There is an open door here.
You now have 177 gold pieces (gained 11).
You open the door.
There is an open door here.
You open the door.
There is an open door here.
There is an open door here.
You open the door. You open the door.
A goblin comes into view. It is wielding a +0 dagger.
The goblin shouts!
You shoot a sling bullet. The sling bullet hits the goblin.
You kill the goblin!
There is an open door here.
There is an open door here.
There is an open door here.
There is an open door here.
There is an open door here.
You open the door.
There is an open door here.
There is an open door here.
You see here a ball python skeleton.
There is an open door here.
There is an open door here.
Key pressed, stopping explore.
Unknown command.
Search for what [? for help]? throw A howler monkey comes into view.
The howler monkey howls!
You see here 4 javelins.
B - 4 javelins You shoot a sling bullet.
The sling bullet closely misses the howler monkey.
You shoot a sling bullet.
The sling bullet barely misses the howler monkey.
The howler monkey hoots and howls with incredible vigour!
You are now empty-handed.
You punch the howler monkey! You tail-slap the howler monkey.
The howler monkey is heavily wounded.
The howler monkey misses you.
You barely miss the howler monkey.
The howler monkey is heavily wounded.
The howler monkey barely misses you.
You barely miss the howler monkey.
Your tail-slap misses the howler monkey.
The howler monkey is heavily wounded.
The howler monkey closely misses you.
You hit the howler monkey. You tail-slap the howler monkey.
The howler monkey is almost dead.
The howler monkey closely misses you.
You can now pass through a line of other dancers.
You closely miss the howler monkey.
The howler monkey is almost dead.
The howler monkey hits you but does no damage.
You punch the howler monkey!
You kill the howler monkey!
You have reached level 5!
Press: ? - help, v - describe, . - travel The floor.
You see here a howler monkey corpse.
There is a stone staircase leading up here.
There is an open door here.
You open the door.
There is an open door here.
There is an open door here.
There is an open door here.
You open the door.
There is an open door here.
You open the door.
There is an open door here.
Found a pair of gloves.
There is a stone staircase leading down here.
There is an open door here.
You see here a +0 dagger.
There is an open door here.
Key pressed, stopping explore.
Unknown command.
There is an open door here.
You see here a +0 dagger.
There is an open door here.
There is an open door here.
There is an open door here.
There is an open door here.
There is an open door here.
There is a stone staircase leading up here.
A hobgoblin comes into view.
The hobgoblin shouts!
a - a +0 sling (weapon)
You shoot a sling bullet. The sling bullet hits the hobgoblin.
You kill the hobgoblin!
Partly explored, can't reach some places.
Partly explored, can't reach some places.
You see here a +0 dagger.
There is an open door here.
You see here a +0 rapier.
There is a stone staircase leading down here.
You climb downwards.
Found a stone staircase leading down and a stone staircase leading up.
There is a stone staircase leading up here.
Fire: a) +0 sling
Press: ? - help, Q - select action, (/) - cycle Shift-Dir - straight line, f - orc
Aim: an orc, wielding a +0 falchion and wearing a +0 scale mail (asleep, 98% to hit)
You shoot a sling bullet. The sling bullet hits the orc.
The orc shouts!
The orc is severely wounded.
The orc shouts!
Fire: a) +0 sling
Press: ? - help, Q - select action, (/) - cycle Shift-Dir - straight line, f/p - orc
Aim: an orc, wielding a +0 falchion and wearing a +0 scale mail (severely wounded, 58% to hit)
You shoot a sling bullet. The sling bullet barely misses the orc.
The orc wizard shouts!
The orc wizard casts a spell.
The orc wizard flickers and vanishes!
Deactivating autopickup; reactivate with Ctrl-A.
Fire: a) +0 sling
Press: ? - help, Q - select action, (/) - cycle Shift-Dir - straight line, f/p - orc
Aim: an orc, wielding a +0 falchion and wearing a +0 scale mail (severely wounded, 60% to hit)
You shoot a sling bullet. The sling bullet hits the orc.
You kill the orc!
The orc hits you with a +0 hand axe. The orc closely misses you.
You climb upwards.
Reactivating autopickup.
There is a stone staircase leading down here.
You are now empty-handed.
You closely miss the orc. You tail-slap the orc. Your punch misses the orc.
The orc is heavily wounded.
The orc completely misses you.
You hit the orc.
You kill the orc!
No target in view!
No target in view!
Things that are here:
a +0 hand axe; a +0 ring mail; an orc corpse
There is a stone staircase leading down here.
HP restored.
Things that are here:
a +0 hand axe; a +0 ring mail; an orc corpse
There is an open door here.
You see here a +0 dagger.
There is a stone staircase leading up here.
There is an open door here.
Key pressed, stopping travel.
Unknown command.
There is an open door here.
There is an open door here.
There is an open door here.
There is a stone staircase leading down here.
a - a +0 sling (weapon)
You climb downwards.
A scorpion comes into view.
Found a runed sling.
There is a stone staircase leading up here.
You shoot a sling bullet.
The sling bullet hits the scorpion but does no damage.
You shoot a sling bullet.
The sling bullet closely misses the scorpion.
You shoot a sling bullet. The sling bullet hits the scorpion!
The scorpion is moderately wounded.
Throw: 10 darts (poison)
Press: ? - help, Shift-Dir - straight line, f/p - scorpion
Aim: a scorpion (moderately wounded, 56% to hit)
You throw a poisoned dart. The poisoned dart hits the scorpion.
The scorpion is poisoned.
The scorpion is moderately wounded.
You are now empty-handed.
You block the scorpion's attack.
You barely miss the scorpion.
The scorpion is moderately wounded.
The scorpion barely misses you.
You hit the scorpion.
The scorpion is heavily wounded.
The scorpion stings you but does no damage.
You hit the scorpion.
The scorpion is almost dead.
You block the scorpion's attack.
You can now pass through a line of other dancers.
You hit the scorpion.
The scorpion is almost dead.
You kill the scorpion!
Training target 3.0 for Dodging reached!
Training target 4.0 for Fighting reached!
Training target 4.0 for Unarmed Combat reached!
Your Fighting skill increases to level 4!
Your Dodging skill increases to level 3!
Your Unarmed Combat skill increases to level 4!
You need to enable at least one skill for training.
Your Throwing skill increases to level 1!
You don't know any spells.
Unknown command.
Unknown command.
Unknown command.
n - 10 poisoned darts (gained 1)
Found a scroll labelled RUWUMU BOUTRATS.
You can no longer pass through a line of other dancers.
You see here a +1 sling of flaming.
You drop a +0 sling.
Your +1 sling of flaming bursts into flame!
a - a +1 sling of flaming (weapon)
C - a scroll labelled RUWUMU BOUTRATS An orc comes into view.
It is wielding a +0 club.
You shoot a sling bullet.
The sling bullet hits the orc but does no damage.
The orc shouts!
You shoot a sling bullet. The sling bullet hits the orc.
The sling bullet burns the orc.
The orc is heavily wounded.
An orc comes into view. It is wielding a +0 hand axe.
An orc wizard comes into view. It is wielding a +0 dagger.
You shoot a sling bullet. The orc shouts!
The orc wizard shouts!
The sling bullet hits the orc.
The sling bullet burns the orc.
The orc is almost dead.
The orc wizard gestures wildly while chanting.
The orc wizard flickers and vanishes!
Deactivating autopickup; reactivate with Ctrl-A.
Fire: a) +1 sling (flame)
Press: ? - help, Q - select action, (/) - cycle Shift-Dir - straight line, f - orc, p - orc
Aim: an orc, wielding a +0 hand axe and wearing a +0 ring mail (63% to hit)
You shoot a sling bullet. The sling bullet barely misses the orc.
The sling bullet hits the orc.
The sling bullet burns the orc.
You kill the orc!
Your +1 sling of flaming stops flaming.
You are now empty-handed.
The orc hits you with a +0 club.
You hit the orc.
You kill the orc!
Your +1 sling of flaming bursts into flame!
a - a +1 sling of flaming (weapon)
An orc wizard comes into view. It is wielding a +0 dagger.
A magic dart appears from out of thin air!
The magic dart hits you.
The orc wizard shouts!
You see here a +0 sling.
There is a stone staircase leading up here.
Fire: a) +1 sling (flame)
Press: ? - help, Q - select action, (/) - cycle Shift-Dir - straight line, f - you
Okay, then.
You climb upwards.
Reactivating autopickup.
There is a stone staircase leading down here.
There is a stone staircase leading down here.
You start resting.
HP restored.
You start resting.
HP restored.
You climb downwards.
There is a stone staircase leading up here.
You shoot a sling bullet.
The sling bullet hits the orc wizard but does no damage.
The orc wizard misses you.
Your +1 sling of flaming stops flaming.
You are now empty-handed.
You hit the orc wizard.
The orc wizard is moderately wounded.
You block the orc wizard's attack.
You punch the orc wizard! You tail-slap the orc wizard.
The orc wizard is almost dead.
The orc wizard gestures at you while chanting.
You resist with some effort.
You can now pass through a line of other dancers.
You hit the orc wizard.
You kill the orc wizard!
You have reached level 6!
Your scales feel tougher.
Things that are here:
a +0 dagger; a +0 robe; an orc corpse Your +1 sling of flaming bursts into flame!
a - a +1 sling of flaming (weapon)
Found a serpent talisman.
Found a sling and a scroll labelled TEKAITONKU.
Found a stormy altar of Qazlal.
You see here a serpent talisman.
You shoot a sling bullet. The sling bullet barely misses the orc.
You shoot a sling bullet. The sling bullet hits the orc!
The sling bullet burns the orc.
You kill the orc!
D - a serpent talisman An adder comes into view.
You shoot a sling bullet.
The sling bullet closely misses the adder.
The adder hisses angrily.
A sleepcap comes into view.
The adder closely misses you.
Your +1 sling of flaming stops flaming.
You are now empty-handed.
You barely miss the adder.
Your tail-slap misses the adder.
The adder bites you but does no damage. The adder barely misses you.
You closely miss the adder. The adder closely misses you.
You miss the adder. The adder closely misses you.
You hit the adder.
The adder is heavily wounded.
The adder bites you.
You are poisoned.
The adder poisons you! The adder closely misses you.
You punch the adder!
You kill the adder!
You feel sick.
You hit the sleepcap.
You tail-slap the sleepcap, but do no damage.
The sleepcap is lightly damaged.
You feel sick. The sleepcap barely misses you.
You can now pass through a line of other dancers.
You hit the sleepcap but do no damage.
The sleepcap is lightly damaged.
You feel sick. The sleepcap releases spores at you.
You punch the sleepcap!
The sleepcap is heavily damaged.
You feel sick. You block the sleepcap's attack.
You hit the sleepcap.
You tail-slap the sleepcap, but do no damage.
The sleepcap is heavily damaged.
You feel sick. You block the sleepcap's attack.
You punch the sleepcap!
The sleepcap is almost destroyed.
You feel sick.
You are no longer poisoned.
The sleepcap releases spores at you.
You are engulfed in a cloud of soporific spores!
You fall asleep.
Uskayaw will force your foes to helplessly watch your dance.
Uskayaw prepares the audience for your solo!
The sleepcap is no longer paralysed.
The sleepcap releases spores at you!
You wake up.
You are engulfed in a cloud of soporific spores!
You are unaffected.
You hit the sleepcap but do no damage. You tail-slap the sleepcap.
You destroy the sleepcap!
Your +1 sling of flaming bursts into flame!
a - a +1 sling of flaming (weapon)
There is a stone staircase leading down here.
There is a stone staircase leading up here.
Unknown command.
Unknown command.
Things that are here:
a +0 dagger; a +0 robe; an orc corpse
Things that are here:
a +0 scale mail; a +0 falchion; an orc skeleton
Things that are here:
a +0 dagger; a +0 robe; an orc corpse
There is a stone staircase leading up here.
Unknown command.
HP restored.
There is a stone staircase leading up here.
g - 2 scrolls labelled TEKAITONKU (gained 1)
The orc wizard shouts!
You now have 197 gold pieces (gained 20).
Found a dark potion.
You shoot a sling bullet. The sling bullet hits the orc wizard.
The sling bullet burns the orc wizard.
The orc wizard is moderately wounded.
The orc wizard points at you and mumbles some strange words.
You are confused.
Your +1 sling of flaming stops flaming.
You are now empty-handed.
You hit the orc wizard but do no damage.
You tail-slap the orc wizard.
The orc wizard is moderately wounded.
The orc wizard hits you but does no damage.
You bump into the rock wall.
The orc wizard barely misses you.
You're too confused to move!
The orc wizard casts a spell.
The orc wizard flickers and vanishes!
Deactivating autopickup; reactivate with Ctrl-A.
You miss something.
Your tail-slap misses something.
Something hits you.
You bump into the rock wall.
You feel less confused. Something hits you.
You miss something. Something hits you but does no damage.
You barely miss something. You block something's attack.
You barely miss something. You punch something. Something hits you.
You miss something.
Your tail-slap misses something.
You block something's attack.
You completely miss something. Something hits you.
You hit something.
Reactivating autopickup.
You feel a bit more experienced.
You can now pass through a line of other dancers.
Found a stone staircase leading down.
Things that are here:
a +0 dagger; a +0 robe; an orc corpse Your +1 sling of flaming bursts into flame!
a - a +1 sling of flaming (weapon)
An adder comes into view.
You shoot a sling bullet.
The sling bullet barely misses the adder.
The adder hisses angrily.
You shoot a sling bullet.
The sling bullet closely misses the adder.
You shoot a sling bullet. The sling bullet hits the adder.
The sling bullet burns the adder.
The adder is severely wounded.
Your +1 sling of flaming stops flaming.
You are now empty-handed.
You hit the adder.
You kill the adder!
No target in view!
Your +1 sling of flaming bursts into flame!
a - a +1 sling of flaming (weapon)
A wight comes into view. It is wielding a +0 mace.
Found a dagger.
You see here an adder corpse.
You shoot a sling bullet. The sling bullet hits the wight!
The sling bullet burns the wight.
The wight is severely damaged.
A wight comes into view. It is wielding a +3 flail.
Things that are here:
a +0 dagger; a +0 robe; an orc corpse You shoot a sling bullet.
The sling bullet hits the wight but does no damage.
The wight is heavily damaged.
You shoot a sling bullet. The sling bullet hits the wight.
The sling bullet burns the wight.
The wight is severely damaged.
You shoot a sling bullet.
The sling bullet barely misses the wight.
Your +1 sling of flaming stops flaming.
You are now empty-handed.
You hit the wight.
You destroy the wight!
A wight comes into view. It is wielding a +0 heavy dire flail.
Your +1 sling of flaming bursts into flame!
a - a +1 sling of flaming (weapon)
You shoot a sling bullet.
The sling bullet barely misses the wight.
You shoot a sling bullet. The sling bullet hits the wight.
The sling bullet burns the wight.
The wight is moderately damaged.
You can now pass through a line of other dancers.
You shoot a sling bullet. The sling bullet hits the wight.
The sling bullet burns the wight.
The wight is heavily damaged.
The wight throws a stone.
The stone barely misses you.
You shoot a sling bullet.
The sling bullet hits the wight but does no damage.
The wight is heavily damaged.
Your +1 sling of flaming stops flaming.
You are now empty-handed.
The wight throws a stone.
The stone hits you.
Throw: 2 boomerangs
Press: ? - help, Shift-Dir - straight line, f/p - wight
Aim: a wight, wielding a +0 heavy dire flail, wearing a +0 robe and quivering stones (heavily damaged, 56% to hit)
You throw a boomerang.
The boomerang hits the wight but does no damage.
The wight is heavily damaged.
You hit the wight but do no damage. You punch the wight.
The wight is severely damaged.
The wight hits you with a +0 heavy dire flail!
A wight comes into view.
It is wielding a +2 halberd of distortion.
Okay, then.
Attack: -) Nothing wielded
Press: ? - help, Dir - move target, f/p - wight
Aim: a wight, wielding a +0 heavy dire flail, wearing a +0 robe and quivering stones (severely damaged, about 33% to evade your hands)
You closely miss the wight.
The wight is severely damaged.
Attack: -) Nothing wielded
Press: ? - help, Dir - move target, f/p - wight
Aim: a wight, wielding a +0 heavy dire flail, wearing a +0 robe and quivering stones (severely damaged, about 34% to evade your hands)
You hit the wight but do no damage.
Your tail-slap misses the wight.
The wight is severely damaged.
The wight hits you with a +0 heavy dire flail!
* * * LOW HITPOINT WARNING * * *
Attack: -) Nothing wielded
Press: ? - help, Dir - move target, f/p - wight
Aim: a wight, wielding a +0 heavy dire flail, wearing a +0 robe and quivering stones (severely damaged, about 33% to evade your hands)
You hit the wight but do no damage. You tail-slap the wight.
The wight is almost destroyed.
The wight hits you with a +0 heavy dire flail!!
* * * LOW HITPOINT WARNING * * *
You feel drained.
* * * LOW HITPOINT WARNING * * *
Uskayaw will force your foes to helplessly watch your dance.
Uskayaw prepares the audience for your solo!
The wight is no longer paralysed. x2
The wight throws a stone.
The stone hits you but does no damage.
The wight throws a stone.
The stone closely misses you.
The wight throws a stone.
The stone hits you.
You die...

#............# ##
#............#
...#............#
#.....~....~...#
###########...........#
....#....$z....~~.....#
....).#####z...~~.....###
...†### ##.............#######
....# ###...~..h.~...#.......#
....# #..............######..#
......##.#....................#
...z#.##.......##..........##.#
.!.>...).)####.............##.#
##..z..... ####.#...##....#.#
.......#. #.##..#####.#.###
§..z.. ###.##..## #...... _.
.........####......


You could see 2 wights.

Vanquished Creatures
  A scorpion (D:5)
  A wight (D:5)
  A howler monkey (D:4)
  A bombardier beetle (D:4)
  A sleepcap (D:5)
  2 orc wizards (D:5)
  A gnoll (D:1)
  5 adders
  2 dart slugs
  A ribbon worm (D:2)
  6 orcs
  4 bats
  7 endoplasms
  2 giant cockroaches
  4 hobgoblins
  5 jackals
  5 kobolds
  3 quokkas
  5 ball pythons
  2 frilled lizards
  5 goblins
  3 rats
67 creatures vanquished.

Notes
Turn   | Place    | Note
-------+----------+-------------------------------------------
     0 | D:1      | jagoly the Draconian Shapeshifter began the quest for the
                  | Orb.
     0 | D:1      | Reached XP level 1. HP: 16/16 MP: 1/1
    69 | D:1      | Reached skill level 1 in Stealth
   296 | D:2      | Reached XP level 2. HP: 23/23 MP: 2/2
   766 | D:1      | Reached XP level 3. HP: 22/30 MP: 3/3
  1805 | D:3      | Found a hide-covered altar of Uskayaw.
  1845 | D:3      | Became a worshipper of Uskayaw the Reveller
  1900 | D:3      | Found a shimmering blue altar of Sif Muna.
  1911 | D:3      | Reached XP level 4. HP: 38/38 MP: 4/4
  2021 | D:3      | Found a faded altar of an unknown god.
  2035 | D:3      | Reached * piety under Uskayaw
  2519 | D:4      | Found a sacrificial altar of Ru.
  2542 | D:4      | Found a bloodstained altar of Trog.
  3064 | D:4      | Reached ** piety under Uskayaw
  3067 | D:4      | Reached XP level 5. HP: 46/46 MP: 5/5
  3332 | D:5      | Entered Level 5 of the Dungeon
  3467 | D:5      | Reached skill level 1 in Throwing
  3528 | D:5      | Reached XP level 6. HP: 52/52 MP: 6/6
  3548 | D:5      | Found a stormy altar of Qazlal.
  3568 | D:5      | Reached *** piety under Uskayaw
  3765 | D:5      | Hit by a stone thrown by a wight

Illustrated notes

Levels and vault maps discovered:
D:1:      dpeg_arrival_tiny_i, layout_basic
D:2:      layout_loops_ring
D:3:      layout_basic, mainiacjoe_overflow_small_starburst,
          mainiacjoe_overflow_paths, basic_ecumenical_altar, serial_bayou_pond_c
D:4:      layout_gridville, mainiacjoe_overflow_catwalk, general_overflow_altar,
          eino_small_chamber_without_monster, hangedman_glass_teeth
D:5:      layout_rooms, mainiacjoe_overflow_chevrons, skrybe_limestone_x

Skill      XL: |  1  2  3  4  5 |
---------------+----------------+-----
Stealth        | 1 2 |  2.2
Fighting       | 2 3 4 |  4.2
Dodging        | 2 3 |  3.2
Unarmed Combat | 4 |  4.1
Throwing       | 1 |  1.8
Shapeshifting  | |  3.0

Action                     |  1- 3 |  4- 6 || total
---------------------------+-------+-------++-------
  Melee: Unarmed           |    98 |    72 ||   170
         Tailslap          |     9 |    10 ||    19
         Punch             |     1 |     3 ||     4
   Fire: Sling             |       |    41 ||    41
  Throw: Dart              |       |     1 ||     1
         Boomerang         |       |     1 ||     1
   Stab: Sleeping          |     8 |     1 ||     9
 Armour: Skin              |    37 |    31 ||    68
  Dodge: Dodged            |    46 |    30 ||    76
  Block: Other             |       |    10 ||    10
         Reflection        |       |     1 ||     1
